 Dungeon Crawl Stone Soup version 0.29.1-12-g30fa7ad0bf (webtiles) character file.

Game seed: 6769958315800494397

3938 hawla the Frost Mage (level 10, -1/75 HPs)
             Began as a Meteoran Ice Elementalist on Dec 25, 2022.
             Was an Initiate of Vehumet.
             Slain by Amaemon
             ... wielding a +1 demon whip of venom
              (5 damage)
             ... on level 8 of the Dungeon.
             The game lasted 00:22:17 (3534 turns).

hawla the Frost Mage (Meteoran Ice Elementalist)    Turns: 3534, Time: 00:22:18

Health: -1/75      AC:  3    Str: 13    XL:     10   Next: 72%
Magic:  15/25      EV: 14    Int: 20    God:    Vehumet [......]
Gold:   340        SH:  0    Dex: 13    Spells: 21/29 levels left

rFire   . . .      SeeInvis .   s - staff of conjuration
rCold   + . .      Faith    .   (no shield)
rNeg    . . .      Spirit   .   a - +1 robe
rPois   .          Reflect  .   (no helmet)
rElec   .          Harm     .   (no cloak)
rCorr   +          Rampage  .   (no gloves)
Will    +....                   (no boots)
Stlth   +.........              (no amulet)
HPRegen 0.22/turn               e - ring of protection from cold
MPRegen 0.19/turn               r - ring of resist corrosion

@: lethally poisoned (-1 -> -33), glowing
A: sense surroundings 2, otherworldly, glowing, explore regen, clumsy 1,
screaming 1, strong 1
a: Renounce Religion


You were on level 8 of the Dungeon.
You worshipped Vehumet.
Vehumet was noncommittal.
You visited 3 branches of the dungeon, and saw 11 of its levels.
You also visited: Sewer.

You collected 340 gold pieces.

Inventory:

Armour
 a - a +1 robe (worn)
Magical Staves
 s - a staff of conjuration (weapon)
Jewellery
 e - a ring of protection from cold (left hand)
 i - a +6 ring of strength
 o - a ring of flight
 r - a ring of resist corrosion (right hand)
Wands
 k - a wand of paralysis (10)
 m - a wand of mindburst (13)
Scrolls
 g - 2 scrolls of identify
 h - 3 scrolls of teleportation
 n - a scroll of enchant armour
 p - 2 scrolls of enchant weapon
Potions
 b - 3 potions of curing
 c - a potion of resistance
 f - 2 potions of heal wounds
 j - a potion of lignification
 q - a potion of haste
Miscellaneous
 d - a lightning rod (4/4)


   Skills:
 + Level 2.8 Fighting
 + Level 5.3 Dodging
 - Level 1.4 Stealth
 + Level 10.2 Spellcasting
 + Level 7.4 Conjurations
 + Level 10.3 Ice Magic
 + Level 2.0 Evocations


You had 21 spell levels left.
You knew the following spells:

 Your Spells              Type           Power      Damage    Failure   Level
a - Freeze                Ice            100%       1d11      1%          1
b - Frozen Ramparts       Ice            100%       1d16      1%          3
c - Hailstorm             Conj/Ice       62%        3d13      1%          4

Your spell library contained the following spells:

 Spells                   Type           Power      Damage    Failure   Level
 Ozocubu's Armour         Ice            51%        N/A       1%          3
 Mephitic Cloud           Conj/Pois/Air  30%        N/A       8%          3
 Freezing Cloud           Conj/Ice/Air   25%        6-21      17%         5
 Ignite Poison            Fire/Tmut/Pois 10%        N/A       21%         3


Dungeon Overview and Level Annotations

Branches:
Dungeon (8/15) Zot: 1993   Temple (1/1) D:7 Zot: 559    Lair (2/5) D:8 Zot: 950
  Swamp (0/4) Lair:2        Sewer (visited)
  Snake: Lair:2-3    Spider: Lair:2-3

Altars:
Ashenzari
Cheibriados
Dithmenos
Fedhas
Gozag
Makhleb
Qazlal
Ru
Sif Muna
Uskayaw
Vehumet
Wu Jian
Xom
Yredelemnul
The Shining One

Annotations:
D:6 3 runed translucent doors, BillyBaka's ghost, novice MiFi
D:8 Amaemon


Innate Abilities, Weirdness & Mutations

You passively map the area around you.
You are easily found by Zot.
You glow in the dark.
You regain HP and MP as you explore.
You are clumsy. (Dex -2)
You occasionally shout uncontrollably at your foes.
Your muscles are strong. (Str +4, Int/Dex -1)


Message History

You climb upwards.
There is a stone staircase leading down here.
There is an open door here.
There is a staircase back to the Dungeon here.
You climb upwards.
Welcome back to the Dungeon!
Level annotation: Amaemon
There is a staircase to the Lair here.
There are monsters nearby!
Unknown command.
Casting: Freeze (safe; 1% risk of failure)
Confirm with . or Enter, or press ? or * to list all spells.
Casting: Hailstorm (dangerous; 1% risk of failure)
Press: ? - help, Dir - look around, f - activate You feel a surge of power!
A cannonade of hail descends around you!
The hail pelts Amaemon!
Amaemon is lightly wounded.
Unknown command.
As you read the scroll of summoning, it crumbles to dust.
Wisps of shadow whirl around you... Amaemon closely misses you.
Amaemon claws you! Amaemon tail-slaps you.
You closely miss Amaemon.
Amaemon is lightly wounded.
The orange demon no longer looks unusually toxic.
The orange demon stings you from afar!
Amaemon hits you with a +1 demon whip of venom!
You are poisoned.
Amaemon misses you. Amaemon closely misses you.
You closely miss Amaemon.
Amaemon is lightly wounded.
You feel very sick.
Your bullfrog hits Amaemon. The orange demon misses you.
Amaemon says, "Afraid of a little sting?"
Amaemon hits you with a +1 demon whip of venom!
* * * LOW HITPOINT WARNING * * *
You are lethally poisoned!
Amaemon claws you!
* * * LOW HITPOINT WARNING * * *
Amaemon tail-slaps you.
You die...

, , , * , , ,..#.#..
, *,, , . ,,.#.#.# *
* * ..,*,....# ,, ,
#.###...# * ** *,*
........ ,, , ,
#....###### ** , , ,
* , * #....S..# * *
** , .# ,#...6@ho# *
*..# # * +...F.h.# *
** *
....#.###?.4....# ,
*, *
....#...........####
.....##....#.##<...#
* , ,
......#.#.##.##.)..#
,, , ,
#...#....##)[[.# ,,
, ,,###..(.........#
* , ,, ,
##.##.####....# ** ,
,,


You could see Amaemon (ally target), an orange demon, a friendly water moccasin
(summoned), a friendly bullfrog (summoned), 2 friendly howler monkeys and a
friendly orc (summoned).

Vanquished Creatures
  Maggie (D:6)
  A cane toad (Lair:2)
  A rime drake (Lair:1)
  A yak (Lair:1)
  A basilisk (Lair:2)
  A water moccasin (D:5)
  A sky beast (D:6)
  A black bear (D:4)
  2 ice beasts (D:7)
  5 wolves (Lair:2)
  3 centaurs
  3 ogres
  Blork the orc (D:5)
  A necrophage (D:7)
  4 bullfrogs
  4 scorpions
  4 wights (D:8)
  A crimson imp (D:6)
  4 orc priests
  3 hounds
  3 gnoll boudas
  An orc wizard (D:6)
  Robin (D:2)
  10 gnolls
  5 adders
  2 shadow imps
  4 white imps
  2 worms
  2 dart slugs
  13 orcs
  2 bats (D:2)
  10 endoplasms
  14 giant cockroaches
  12 goblins
  6 hobgoblins
  4 jackals (D:5)
  14 quokkas
  18 ball pythons
  7 frilled lizards
  3 kobolds
  A rat (D:2)
177 creatures vanquished.

Vanquished Creatures (collateral kills)
  A kobold (D:4)
1 creature vanquished.

Vanquished Creatures (others)
  2 fungi (Lair:1)
  A plant (Lair:1)
3 creatures vanquished.

Grand Total: 181 creatures vanquished

Notes
Turn   | Place    | Note
-------+----------+-------------------------------------------
     0 | D:1      | hawla the Meteoran Ice Elementalist began the quest for the
                  | Orb.
     0 | D:1      | Reached XP level 1. HP: 14/14 MP: 5/5
   210 | D:2      | Reached XP level 2. HP: 20/20 MP: 3/6
   248 | D:2      | Noticed Robin
   263 | D:2      | Reached XP level 3. HP: 9/26 MP: 4/8
   265 | D:2      | Reached skill level 5 in Ice Magic
   269 | D:2      | Killed Robin
   291 | D:2      | Reached XP level 4. HP: 8/33 MP: 0/10
   295 | D:2      | Learned a level 3 spell: Frozen Ramparts
   323 | D:2      | Identified the +5 whip "Keyvo" {antimagic, rElec rPois}
   509 | D:2      | Reached XP level 5. HP: 33/38 MP: 6/12
   652 | D:3      | Found a glowing drain.
   667 | Sewer    | Entered a sewer
   985 | Sewer    | Reached XP level 6. HP: 29/45 MP: 7/13
   991 | Sewer    | Learned a level 4 spell: Hailstorm
  1340 | D:4      | Noticed a black bear
  1348 | D:4      | Killed a black bear
  1349 | D:4      | Reached XP level 7. HP: 45/51 MP: 8/14
  1360 | D:4      | Reached skill level 5 in Conjurations
  1500 | D:4      | Reached XP level 8. HP: 58/58 MP: 13/16
  1582 | D:4      | Reached skill level 5 in Spellcasting
  1736 | D:5      | Entered Level 5 of the Dungeon
  1766 | D:5      | Noticed Blork the orc
  1771 | D:5      | Reached skill level 1 in Fighting
  1774 | D:5      | Killed Blork the orc
  2030 | D:6      | Found a runed translucent gate.
  2030 | D:6      | Found a runed translucent gate.
  2030 | D:6      | Found an opulent altar of Gozag.
  2030 | D:6      | Found a runed translucent gate.
  2031 | D:6      | Noticed BillyBaka's ghost (novice MiFi)
  2032 | D:6      | Noticed a cyclops
  2046 | D:6      | Noticed Maggie
  2077 | D:6      | Killed Maggie
  2078 | D:6      | Gained mutation: You passively map the area around you.
                  | [Meteoran growth]
  2078 | D:6      | Reached XP level 9. HP: 37/64 MP: 2/19
  2145 | D:6      | Found a shimmering altar of Xom.
  2145 | D:6      | Found a burning altar of Makhleb.
  2473 | D:6      | Found an ornate altar of the Wu Jian Council.
  2473 | D:6      | Found a snail-covered altar of Cheibriados.
  2672 | D:7      | Gained mutation: You occasionally shout uncontrollably at
                  | your foes. [potion of mutation]
  2672 | D:7      | Gained mutation: Your muscles are strong. (Str +4, Int/Dex
                  | -1) [potion of mutation]
  2672 | D:7      | Gained mutation: You are clumsy. (Dex -2) [potion of
                  | mutation]
  2749 | D:7      | Found a glowing golden altar of the Shining One.
  2927 | D:7      | Found a sacrificial altar of Ru.
  3099 | D:7      | Found a staircase to the Ecumenical Temple.
  3122 | Temple   | Entered the Ecumenical Temple
  3143 | Temple   | Became a worshipper of Vehumet
  3170 | D:7      | Reached XP level 10. HP: 73/73 MP: 14/23
  3207 | D:8      | Found a staircase to the Lair.
  3260 | D:8      | Noticed Amaemon
  3277 | D:8      | Noticed an orange demon
  3279 | Lair:1   | Entered Level 1 of the Lair of Beasts
  3405 | Lair:1   | Noticed a rime drake
  3413 | Lair:1   | Killed a rime drake
  3414 | Lair:1   | Reached skill level 5 in Dodging
  3443 | Lair:2   | Reached skill level 10 in Ice Magic
  3467 | Lair:2   | Noticed a cane toad
  3473 | Lair:2   | Killed a cane toad
  3474 | Lair:2   | Reached skill level 10 in Spellcasting
  3534 | D:8      | Slain by Amaemon

Illustrated notes

Levels and vault maps discovered:
D:1:      lightli_arrival_isolated_outpost, layout_basic,
          kennysheep_another_room, kennysheep_pointless_box
D:2:      layout_rooms, uniq_robin
D:3:      cheibrodos_pilgrimage, layout_loops_corners, portal_sewer_entry_f,
          hellmonk_ecumenical_altar_lost_god, kennysheep_generic_room_13
D:4:      layout_basic, dk_noncrumbling_3
D:5:      layout_rooms, uniq_blork_the_orc
D:6:      layout_loops_cross, amethyst_overflow_temple_binary,
          grunt_temple_overflow_champion_of_chaos, ebering_ghost_gozag,
          hangedman_decor_opposing, uniq_maggie
D:7:      layout_loops_corners, nicolae_ru_the_path_less_chosen,
          nicolae_tso_carved_into_rock, lemuel_zombie_altar_kikubaaqudgha,
          minmay_temple_entry_water_ring
D:8:      layout_basic, mainiacjoe_overflow_alcove_1, lair_entry_dummy,
          serial_shops, shop_fountains, blue_anna_alchemist, uniq_amaemon
Temple:   minmay_temple_bridge_abc
Lair:1:   layout_roguey, st_stairs_3
Lair:2:   layout_regular_city, nicolae_swamp_entry_splash_gauntlet,
          spider_nest_entry_a, grunt_megastairs_1

Skill      XL: |  1  2  3  4  5  6  7  8  9 10 |
---------------+-------------------------------+-----
Spellcasting   | 3 4 6 8 10 | 10.2
Ice Magic      | 5 6 8 9 10 | 10.3
Dodging        | 3 4 5 |  5.3
Conjurations   | 4 6 7 |  7.4
Evocations     | 2 |  2.0
Fighting       | 1 2 |  2.8
Stealth        | |  1.4

Action                   |  1- 3 |  4- 6 |  7- 9 | 10-12 || total
-------------------------+-------+-------+-------+-------++-------
Melee: Unarmed           |    24 |    67 |    70 |     4 ||   165
       Punch             |     1 |     1 |     1 |       ||     3
       Staff             |       |       |       |     3 ||     3
 Cast: Freeze            |    27 |    70 |    44 |    13 ||   154
       Frozen Ramparts   |       |    16 |    22 |     5 ||    43
       Hailstorm         |       |       |    33 |    12 ||    45
Evoke: Lightning rod     |       |       |     1 |       ||     1
  Use: Scroll            |     5 |     3 |     6 |     2 ||    16
       Potion            |     4 |       |     7 |       ||    11
Armor: Skin              |    47 |       |    35 |       ||    82
       Robe              |     3 |    25 |    26 |     7 ||    61
Dodge: Dodged            |     8 |    93 |    55 |    23 ||   179
